 Dungeon Crawl Stone Soup version 0.29-a0-925-g0a7a3d12f8 (webtiles) character file.

Game seed: 5800870779829533978

1136 Essalna the Insei (level 8, -3/54 HPs)
             Began as an Octopode Transmuter on July 29, 2022.
             Slain by a sky beast (5 damage)
             ... on level 6 of the Dungeon.
             The game lasted 00:16:02 (6553 turns).

Essalna the Insei (Octopode Transmuter)             Turns: 6553, Time: 00:16:02

Health: -3/54      AC:  1    Str:  9    XL:     8   Next: 36%
Magic:  11/11      EV: 18    Int: 23    God:
Gold:   259        SH:  0    Dex: 19    Spells: 6/11 levels left

rFire   . . .      SeeInvis .     - Unarmed
rCold   . . .      Faith    .   (no shield)
rNeg    . . .      Spirit   .   (helmet currently unavailable)
rPois   .          Reflect  .   (no amulet)
rElec   .          Harm     .   j - +6 ring of intelligence
rCorr   .          Rampage  .   l - +6 ring of dexterity
Will    .....                   p - +4 ring of evasion
Stlth   +++.......              (no ring)
HPRegen 0.18/turn               (no ring)
MPRegen 0.12/turn               (no ring)
                                (no ring)
                                (no ring)

@: appendages
A: tentacle spike 3, almost no armour, amphibious, 8 rings, camouflage 1,
gelatinous body 1, (nimble swimmer 1), tentacles
a: End Transformation


You were on level 6 of the Dungeon.
One of your tentacles had grown a beastly spike.
You visited 1 branch of the dungeon, and saw 6 of its levels.

You collected 259 gold pieces.

Inventory:

Magical Staves
 o - a staff of air
Jewellery
 i - an amulet of regeneration
 j - a +6 ring of intelligence (left tentacle)
 l - a +6 ring of dexterity (right tentacle)
 n - an amulet of guardian spirit
 p - a +4 ring of evasion (on tentacle)
Wands
 t - a wand of charming (8)
 x - a wand of flame (20)
Scrolls
 b - 7 scrolls of teleportation
 e - a scroll of blinking
 k - a scroll of magic mapping {unknown}
 m - 3 scrolls of identify
 s - a scroll of enchant armour
 u - a scroll of torment {unknown}
 w - a scroll of vulnerability {unknown}
Potions
 a - a potion of lignification
 c - 3 potions of attraction
 d - a potion of haste {unknown}
 f - a potion of degeneration {unknown}
 g - a potion of cancellation {unknown}
 h - 2 potions of curing {unknown}
 q - 4 potions of heal wounds {unknown}
 r - a potion of flight {unknown}
 v - a potion of might {unknown}


   Skills:
 + Level 4.7 Fighting
 - Level 3.1 Dodging
 + Level 5.5 Unarmed Combat
 - Level 2.0 Spellcasting
 + Level 5.0 Transmutations
 + Level 4.1 Ice Magic


You had 6 spell levels left.
You knew the following spells:

 Your Spells              Type           Power      Damage    Failure   Level
a - Beastly Appendage     Tmut           50%        N/A       1%          1
b - Ice Form              Ice/Tmut       23%        N/A       19%         4

Your spell library contained the following spells:

 Spells                   Type           Power      Damage    Failure   Level
 Wereblood                Tmut           25%        N/A       2%          2
 Sting                    Tmut/Pois      52%        1d5       4%          1
 Passwall                 Tmut/Erth      10%        N/A       7%          2
 Ensorcelled Hibernation  Hex/Ice        22%        N/A       9%          2
 Necrotise                Necr           8%         1d4       13%         1
 Shock                    Conj/Air       8%         1d3       13%         1
 Spider Form              Tmut/Pois      13%        N/A       14%         3
 Poisonous Vapours        Pois/Air       4%         N/A       19%         2
 Dazzling Flash           Conj/Hex       4%         N/A       36%         3
 Summon Guardian Golem    Hex/Summ       2%         N/A       36%         3
 Swiftness                Air            2%         N/A       36%         3
 Vampiric Draining        Necr           2%         2d6       36%         3
 Airstrike                Air            1%         0-2+      77%         4
 Iskenderun's Mystic Bla  Conj/Tloc      2%         2d3       77%         4
 Olgreb's Toxic Radiance  Pois           2%         N/A       77%         4
 Summon Lightning Spire   Summ/Air       2%         N/A       77%         4
 Agony                    Necr           2%         N/A       98%         5
 Starburst                Conj/Fire      1%         6d3       100%        6
 Orb of Destruction       Conj           1%         9d5       100%        7
 Spellforged Servitor     Conj/Summ      1%         N/A       100%        7
 Storm Form               Tmut/Air       6%         N/A       100%        7
 Maxwell's Capacitive Co  Air            1%         ∞         100%        8


Dungeon Overview and Level Annotations

Branches:
Dungeon (6/15)
 Temple: D:4-7

Altars:
Dithmenos
Kikubaaqudgha
Trog
Yredelemnul
The Shining One


Innate Abilities, Weirdness & Mutations

One of your tentacles has grown a beastly spike.
You cannot wear most types of armour.
You are amphibious.
You can wear up to eight rings at the same time.
Your skin changes colour to match your surroundings (Stealth+).
Your rubbery body absorbs attacks. (AC +1, EV +1)
((You are camouflaged when in or above water. (Stealth+)))
You have tentacles for arms and can constrict up to eight enemies at once.


Message History

You are too injured to fight recklessly!
You are too injured to fight recklessly!
You completely miss the sky beast.
The sky beast is moderately wounded.
The sky beast barely misses you.
You barely miss the sky beast.
The sky beast is moderately wounded.
The sky beast hits you but does no damage.
You closely miss the sky beast.
Your tentacle spike misses the sky beast.
The sky beast is moderately wounded.
The sky beast hits you. The sky beast shocks you.
You tentacle-slap the sky beast.
You pierce the sky beast, but do no damage.
The sky beast is moderately wounded.
The sky beast hits you. The sky beast shocks you.
You tentacle-slap the sky beast.
You pierce the sky beast, but do no damage.
The sky beast is heavily wounded.
The sky beast barely misses you.
You closely miss the sky beast.
The sky beast is heavily wounded.
The sky beast hits you.
* * * LOW HITPOINT WARNING * * *
The sky beast shocks you.
* * * LOW HITPOINT WARNING * * *
You closely miss the sky beast.
You pierce the sky beast.
The sky beast is severely wounded.
The sky beast hits you.
* * * LOW HITPOINT WARNING * * *
The sky beast shocks you.
* * * LOW HITPOINT WARNING * * *
Okay, then.
You tentacle-slap the sky beast but do no damage.
You squeeze the sky beast, but do no damage.
The sky beast is severely wounded.
The sky beast hits you.
* * * LOW HITPOINT WARNING * * *
The sky beast shocks you.
You die...

## #...# #. #...# #. #...#
#. #...# #. ........#...#
####. ........#...# #....
........#Y..# #....
........#@..# #....
........#...# #....
........#...# ######....
........#..##...#.........
........#'###...#.........
........'...#...#.........
........#...+...#.........
........#..##...#.........
........#..##...#.........


You could see a sky beast.

Vanquished Creatures
  Menkaure (D:5)
  A water moccasin (D:5)
  2 sky beasts
  3 ogres
  A phantom (D:5)
  2 hounds (D:5)
  4 iguanas
  5 gnolls
  4 adders
  A white imp (D:5)
  An ufetubus (D:5)
  5 dart slugs
  2 worms
  16 orcs
  4 endoplasms
  4 giant cockroaches
  7 goblins
  6 hobgoblins
  10 jackals
  7 kobolds
  A quokka (D:2)
  11 ball pythons
  13 bats
  3 frilled lizards (D:1)
  7 rats
121 creatures vanquished.

Vanquished Creatures (others)
  A human (D:5)
  A fungus (D:2)
  5 plants (D:2)
7 creatures vanquished.

Grand Total: 128 creatures vanquished

Notes
Turn   | Place    | Note
-------+----------+-------------------------------------------
     0 | D:1      | Essalna the Octopode Transmuter began the quest for the
                  | Orb.
     0 | D:1      | Reached XP level 1. HP: 13/13 MP: 3/3
   257 | D:1      | Reached XP level 2. HP: 14/18 MP: 5/5
   854 | D:1      | Reached XP level 3. HP: 19/23 MP: 4/6
  1773 | D:1      | Reached XP level 4. HP: 26/29 MP: 7/7
  1778 | D:1      | Learned a level 4 spell: Ice Form
  2216 | D:2      | Found a faded altar of an unknown god.
  2354 | D:2      | Found an ancient bone altar of Kikubaaqudgha.
  2555 | D:3      | Found a shadowy altar of Dithmenos.
  2929 | D:2      | Reached skill level 1 in Ice Magic
  2929 | D:2      | Reached XP level 5. HP: 31/34 MP: 5/8
  3637 | D:4      | Noticed an ogre
  3675 | D:4      | Killed an ogre
  3676 | D:4      | Reached XP level 6. HP: 6/41 MP: 7/9
  3803 | D:4      | Found a bloodstained altar of Trog.
  3886 | D:4      | Noticed a sky beast
  3914 | D:4      | Killed a sky beast
  4206 | D:4      | Found a basalt altar of Yredelemnul.
  4208 | D:4      | Noticed a profane servitor
  4351 | D:4      | Found a glowing golden altar of the Shining One.
  4354 | D:4      | Noticed an angel
  4502 | D:5      | Entered Level 5 of the Dungeon
  4637 | D:5      | Noticed Menkaure
  4653 | D:5      | Reached XP level 7. HP: 46/46 MP: 10/10
  5265 | D:5      | Found an ancient bone altar of Kikubaaqudgha.
  5266 | D:5      | Noticed a human
  5269 | D:5      | Killed a human
  5423 | D:5      | Reached skill level 5 in Unarmed Combat
  5512 | D:5      | Reached XP level 8. HP: 53/54 MP: 11/11
  6092 | D:5      | Killed Menkaure
  6417 | D:6      | Reached skill level 5 in Transmutations
  6553 | D:6      | HP: 2/54 [sky beast (2)]
  6553 | D:6      | Slain by a sky beast

Illustrated notes

Levels and vault maps discovered:
D:1:      dpeg_arrival_rooms_with_view, layout_loops_ring, minmay_quantized
D:2:      layout_loops_ring, basic_altar,
          shapermc_ecumenical_altar_mp_urbaneastern
D:3:      layout_basic, lemuel_round_altar
D:4:      layout_cave_pods, mainiacjoe_overflow_catwalk,
          grunt_temple_overflow_holy_war
D:5:      layout_basic, tgw_kikubaaqudgha, uniq_menkaure
D:6:      layout_gridville, amcnicky_altar_gilded,
          minmay_temple_entry_mini_moons, minmay_misc_feat_iff,
          kennysheep_small_circle, uniq_pikel

Skill      XL: |  1  2  3  4  5  6  7  8 |
---------------+-------------------------+-----
Fighting       | 2 3 4 |  4.7
Dodging        | 3 |  3.1
Ice Magic      | 1 2 3 4 |  4.1
Transmutations | 3 4 5 |  5.0
Unarmed Combat | 4 5 |  5.5
Spellcasting   | |  2.0

Action                   |  1- 3 |  4- 6 |  7- 9 || total
-------------------------+-------+-------+-------++-------
Melee: Unarmed           |    92 |   175 |   100 ||   367
       Constrict         |    32 |    45 |    13 ||    90
       Tentacles         |    15 |    42 |    32 ||    89
       Kick              |     5 |    39 |    43 ||    87
       Punch             |       |     6 |     4 ||    10
 Cast: Beastly Appendage |     4 |    19 |    10 ||    33
Evoke: Wand              |       |     1 |       ||     1
  Use: Scroll            |       |     8 |       ||     8
 Stab: Sleeping          |     5 |    10 |     1 ||    16
Armor: Skin              |    10 |    10 |     1 ||    21
Dodge: Dodged            |    83 |   107 |    55 ||   245

Table legend: (Time is in decaauts)
 A = Elapsed time spent in this place.
 B = Non-inter-level travel time spent in this place.
 C = Inter-level travel time spent in this place.
 D = Time resting spent in this place.
 E = Time spent auto-exploring this place.
 F = Levels seen in this place.
 G = Mean time per level.
                   A        B        C        D        E       F      G
               +--------+--------+--------+--------+--------+-----+--------+
         Total |   6527 |   6041 |    486 |    112 |   4591 |   6 | 1087.8 |
       Dungeon |   6527 |   6041 |    486 |    112 |   4591 |   6 | 1087.8 |
               +--------+--------+--------+--------+--------+-----+--------+

Top non-repeatable levels by time:
     D:1: 2045 daAuts
     D:5: 1661 daAuts
     D:4: 1214 daAuts
     D:2: 831 daAuts
     D:3: 551 daAuts
     D:6: 222 daAuts
